 Dungeon Crawl Stone Soup version 0.20-a0-454-g2b43fbb (webtiles) character file.

80 Queen the Cudgeler (level 4, -4/28 HPs)
             Began as a Gargoyle Fighter on Jan 9, 2017.
             Slain by Sigmund
             ... wielding a +0 scythe
              (9 damage)
             ... on level 3 of the Dungeon.
             The game lasted 00:10:07 (1439 turns).

Queen the Cudgeler (Gargoyle Fighter)               Turns: 1439, Time: 00:10:07

Health: -4/28      AC: 12    Str: 24    XL:     4   Next: 39%
Magic:  4/4        EV:  5    Int:  9    God:
Gold:   81         SH:  0    Dex: 10    Spells: 3/3 levels left

rFire  . . .     SeeInvis .     a - +0 flail
rCold  . . .     Gourm    .     g - +0 chain mail
rNeg   + . .     Faith    .     c - +0 shield
rPois  ∞         Spirit   .     (no helmet)
rElec  +         Reflect  .     (no cloak)
rCorr  .         Harm     .     (no gloves)
MR     .....                    (no boots)
Stlth  ..........               h - amulet of regeneration
                                (no ring)
                                (no ring)

@: confused, mighty
A: negative energy resistance 1, electricity resistance, unbreathing,
petrification resistance, rot immunity, AC +3
a: no special abilities


You were on level 3 of the Dungeon.
You were very hungry.

You visited 1 branch of the dungeon, and saw 3 of its levels.

You collected 81 gold pieces.

Inventory:

Hand Weapons
 a - a +0 flail (weapon)
Armour
 c - a +0 shield (worn)
 g - a +0 chain mail (worn)
Jewellery
 h - an amulet of regeneration (around neck)
 s - a +3 ring of dexterity {unknown}
Scrolls
 i - a scroll of enchant armour {unknown}
 k - 2 scrolls of teleportation
 n - a scroll of magic mapping {unknown}
 o - a scroll of identify
 p - 2 scrolls of remove curse
 u - a scroll of amnesia {unknown}
Potions
 b - a potion of beneficial mutation {unknown}
 d - a potion of might
 e - a potion of magic {unknown}
 j - a potion of haste {unknown}
 l - a potion of agility {unknown}
 m - a potion of ambrosia {unknown}
 r - a potion of brilliance {unknown}
 t - a potion of lignification {unknown}
Comestibles
 f - 2 bread rations
 q - a beef jerky
 v - 4 chunks of flesh


   Skills:
 - Level 3.2 Fighting
 + Level 4.5 Maces & Flails
 - Level 3.2 Armour
 - Level 3.2 Shields


You had 3 spell levels left.
You didn't know any spells.

Dungeon Overview and Level Annotations

Branches:
Dungeon (3/15)

Altars:

Annotations:
D:3 Sigmund


Innate Abilities, Weirdness & Mutations

You are resistant to torment.
Your stone body is resilient. (AC +3)
You are immune to poison.
You resist negative energy. (rN+)
You are resistant to electric shocks. (rElec)
You can survive without breathing.
You are immune to petrification.
You are immune to rotting.


Message History

Something hits you but does no damage.
Your chain mail prevents you from hitting something.
Something hits you!
You miss something. Something hits you but does no damage.
You hit something. Something hits you but does no damage.
You miss something. You closely miss something.
Something hits you but does no damage.
You miss something. Something hits you.
* * * LOW HITPOINT WARNING * * *
You hit something. You block something's attack.
You feel very mighty all of a sudden.
You closely miss something.
You hear some strange, mumbled words.
You are confused.
Something hits you.
* * * LOW HITPOINT WARNING * * *
You miss something.
You bump into the rock wall.
Something hits you but does no damage.
You miss something. Something hits you!
You die...

....#.##...............#.#
#####.....(......##....#
####....#.#####....#
#.##.#.#####....#
#.##.#.#........#.#
#####......#.###....?.#
#........###.# #.######
....####.###.###.##### ###
#.. #.....@{......#...
#####.###.....#.#####
#.....#%.....?.<...
#.#...†.....#..
#.#.#.#.!...# #
#.#.#.###.### #.#.#.# #.#
#.#.#.. ... #..?........


There were no monsters in sight!

Vanquished Creatures
  2 adders
  An ooze (D:2)
  3 worms (D:3)
  A dart slug (D:1)
  A leopard gecko (D:2)
  2 ball pythons
  4 giant cockroaches
  6 hobgoblins
  4 jackals (D:3)
  4 kobolds
  5 bats
  A frilled lizard (D:1)
  4 goblins
  7 rats
45 creatures vanquished.

Notes
Turn   | Place    | Note
-------+----------+-------------------------------------------
     0 | D:1      | Queen the Gargoyle Fighter began the quest for the Orb.
     0 | D:1      | Reached XP level 1. HP: 14/14 MP: 1/1
    74 | D:1      | Reached XP level 2. HP: 17/19 MP: 2/2
   156 | D:1      | Reached skill level 3 in Maces & Flails
   692 | D:2      | Reached XP level 3. HP: 23/23 MP: 3/3
  1259 | D:3      | Noticed Sigmund
  1295 | D:3      | Reached skill level 4 in Maces & Flails
  1319 | D:3      | Reached XP level 4. HP: 28/28 MP: 4/4
  1439 | D:3      | Slain by Sigmund

Vault maps used:
D:1:      minmay_arrival_diagonal_passages, minmay_tripent
D:3:      old_standard_altar, minmay_misc_feat_room, uniq_sigmund

Skill      XL: |  1  2  3 |
---------------+----------+-----
Maces & Flails | 3 4 |  4.5
Fighting       | |  3.2
Armour         | |  3.2
Shields        | |  3.2

Action                   |  1- 3 |  4- 6 || total
-------------------------+-------+-------++-------
Melee: Flail             |   132 |    51 ||   183
  Use: Scroll            |     5 |       ||     5
       Potion            |       |     1 ||     1
  Eat: Chunk             |     1 |       ||     1
Armor: Scale mail        |    36 |       ||    36
       Chain mail        |    76 |    30 ||   106
       Skin              |     1 |       ||     1
Dodge: Dodged            |    48 |    10 ||    58
Block: Shield            |    95 |    15 ||   110
